 Dungeon Crawl Stone Soup version 0.24-a0-275-g6f7e2cb (webtiles) character file.

Game seed: 11690518349568829512

49 mhoghedin the Gusty (level 3, -2/21 HPs)
             Began as a Tengu Air Elementalist on Apr 28, 2019.
             Slain by a killer bee zombie (6 damage)
             ... on level 2 of the Dungeon.
             The game lasted 00:04:43 (1302 turns).

mhoghedin the Gusty (Tengu Air Elementalist)        Turns: 1302, Time: 00:04:44

Health: -2/21      AC:  2    Str:  8    XL:     3   Next: 77%
Magic:  5/7        EV: 12    Int: 16    God:
Gold:   14         SH:  0    Dex: 14    Spells: 5/6 levels left

rFire    . . .     SeeInvis .   d - +3 mace
rCold    . . .     Gourm    .   (no shield)
rNeg     . . .     Faith    .   a - +0 robe
rPois    .         Spirit   .   (helmet restricted)
rElec    .         Reflect  .   (no cloak)
rCorr    .         Harm     .   (no gloves)
MR       .....                  (boots unavailable)
Stlth    ++........             (no amulet)
HPRegen  0.07/turn              (no ring)
MPRegen  0.10/turn              (no ring)

@: no status effects
A: beak, talons 3
a: no special abilities


You were on level 2 of the Dungeon.
You were not hungry.

You visited 1 branch of the dungeon, and saw 2 of its levels.

You collected 14 gold pieces.

Inventory:

Hand Weapons
 d - a +3 mace (weapon)
   (You found it on level 1 of the Dungeon)
Armour
 a - a +0 robe (worn)
Jewellery
 h - an uncursed ring of fire {unknown}
   (You found it on level 1 of the Dungeon)
Scrolls
 b - 2 scrolls of identify {unknown}
 f - a scroll of remove curse {unknown}
 g - a scroll of random uselessness {unknown}
 i - a scroll of enchant weapon {unknown}
 j - a scroll of magic mapping {unknown}
Potions
 e - 2 potions of flight {unknown}
Comestibles
 c - 3 rations


   Skills:
 + Level 2.1 Fighting
 + Level 2.5 Maces & Flails
 - Level 2.1 Dodging
 - Level 2.0 Stealth
 - Level 2.0 Spellcasting
 - Level 1.3 Conjurations
 - Level 4.0 Air Magic


You had 5 spell levels left.
You knew the following spells:

 Your Spells              Type           Power        Failure   Level  Hunger
a - Shock                 Conj/Air       ##..         7%          1    #......

Your spell library contained the following spells:

 Spells                   Type           Power        Failure   Level  Hunger
 Swiftness                Chrm/Air       #.......     14%         2    ###....
 Static Discharge         Conj/Air       ##......     21%         3    ###....
 Airstrike                Air            ##........   36%         4    #####..
 Lightning Bolt           Conj/Air       ##........   88%         5    ######.


Dungeon Overview and Level Annotations

Branches:
Dungeon (2/15)

Altars:


Innate Abilities, Weirdness & Mutations

You have a beak for a mouth.
You have claws for feet.


Message History

You see here an adder skeleton.
You see here a bat corpse.
You butcher the bat corpse.
k - 2 chunks of flesh {@w0} (gained 1)
You see here a bat skeleton.
There is a stone staircase leading up here.
You see here an adder skeleton.
Eating one of 2 chunks of flesh {@w0}.
You eat one of the 2 chunks of flesh {@w0}.
Found a stone staircase leading up.
MP restored: 7 A kobold comes into view.
It is wielding a +0 whip.
The helpless kobold fails to defend itself.
You hit the kobold. Your peck misses the kobold.
The kobold hits you but does no damage. The kobold misses you.
You completely miss the kobold. Your kick misses the kobold.
The kobold hits you but does no damage.
You hit the kobold.
You kill the kobold!
No target in view!
Things that are here:
a +0 whip; a kobold corpse A giant cockroach comes into view.
The helpless giant cockroach fails to defend itself.
You sock the giant cockroach!
You kill the giant cockroach!
No target in view!
No target in view!
Found an escape hatch in the ceiling.
A giant cockroach comes into view.
The giant cockroach barely misses you.
You hit the giant cockroach. You peck the giant cockroach.
The giant cockroach bites you but does no damage.
The giant cockroach barely misses you.
You closely miss the giant cockroach. You peck the giant cockroach.
You kill the giant cockroach!
The giant cockroach bites you but does no damage.
The giant cockroach barely misses you.
You closely miss the giant cockroach. You claw the giant cockroach.
You kill the giant cockroach!
No target in view!
No target in view!
No target in view!
No target in view!
No target in view!
No target in view!
No target in view!
No target in view!
No target in view!
No target in view!
No target in view!
No target in view!
No target in view!
No target in view!
No target in view!
No target in view!
c - 3 rations (gained 1)
Found a stone staircase leading down.
A kobold comes into view.
The kobold hits you but does no damage.
You barely miss the kobold. You claw the kobold.
The kobold hits you but does no damage.
You hit the kobold but do no damage. You peck the kobold.
The kobold hits you. x2
You take 5 damage, and have 16/21 hp.
MASSIVE DAMAGE!!
You barely miss the kobold. Your peck misses the kobold. The kobold hits you.
You take 1 damage, and have 15/21 hp.
You closely miss the kobold. The kobold closely misses you.
You thump the kobold!
You kill the kobold!
You start resting.
Health restored: 21 All of the chunks of flesh in your inventory have rotted away.
There is a stone staircase leading down here.
A killer bee zombie comes into view.
A killer bee zombie is nearby!
A killer bee zombie is nearby!
The killer bee zombie misses you. The killer bee zombie hits you.
You take 1 damage, and have 20/21 hp.
You hit the killer bee zombie.
You peck the killer bee zombie, but do no damage.
The killer bee zombie hits you.
The killer bee zombie closely misses you.
You take 2 damage, and have 18/21 hp.
You hit the killer bee zombie. The killer bee zombie hits you.
The killer bee zombie hits you but does no damage.
You take 6 damage, and have 12/21 hp.
MASSIVE DAMAGE!!
You don't know that spell.
The zap hits the killer bee zombie. x2
The killer bee zombie barely misses you.
The killer bee zombie hits you!
* * * LOW HITPOINT WARNING * * *
You take 8 damage, and have 4/21 hp.
MASSIVE DAMAGE!!
You now have 6/7 mp.
The zap hits the killer bee zombie. x2
The killer bee zombie barely misses you.
The killer bee zombie hits you.
You die...

#########
######.....?.#
#..Z@.....#
#.####.##.#
#># #.#
#.####.#####.#
#......†.....#
######.#######
#........#
#..#####.#


You could see a killer bee zombie.

Vanquished Creatures
  An adder (D:2)
  An ooze (D:1)
  A dart slug (D:1)
  6 bats
  6 giant cockroaches
  2 goblins (D:1)
  8 hobgoblins
  A frilled lizard (D:1)
  3 kobolds (D:2)
  A rat (D:1)
30 creatures vanquished.

Notes
Turn   | Place    | Note
-------+----------+-------------------------------------------
     0 | D:1      | mhoghedin the Tengu Air Elementalist began the quest for
                  | the Orb.
     0 | D:1      | Reached XP level 1. HP: 10/10 MP: 4/4
   255 | D:1      | Reached skill level 1 in Fighting
   255 | D:1      | Reached skill level 1 in Maces & Flails
   255 | D:1      | Reached XP level 2. HP: 13/16 MP: 6/6
   559 | D:1      | Reached XP level 3. HP: 16/20 MP: 7/7
   603 | D:1      | Reached skill level 2 in Maces & Flails
  1058 | D:2      | Reached skill level 2 in Fighting
  1301 | D:2      | HP: 4/21 [killer bee zombie (8)]
  1302 | D:2      | Slain by a killer bee zombie

Levels and vault maps discovered:
D:1:      psy_arrival_wood_between_worlds, layout_loops_ring
D:2:      layout_loops_ring, minmay_misc_feat_x

Skill      XL: |  1  2  3 |
---------------+----------+-----
Fighting       | 1 2 |  2.1
Maces & Flails | 1 2 |  2.5
Dodging        | |  2.1
Stealth        | |  2.0
Spellcasting   | |  2.0
Conjurations   | |  1.3
Air Magic      | |  4.0

Action                   || total
-------------------------++-------
Melee: Mace              ||    63
       Unarmed           ||     1
       Kick              ||    10
       Peck              ||     5
 Cast: Shock             ||     4
 Stab: Sleeping          ||     5
  Eat: Chunk             ||     1
Armor: Robe              ||    22
Dodge: Dodged            ||    46

Table legend:
 A = Non-vault XP
 B = Vault XP
 C = Vault XP percentage of total XP
 D = Non-vault monster count
 E = Vault monster count
 F = Vault count percentage of total count
                 A         B        C        D         E       F
            +---------+---------+-------+---------+---------+-------
      Total |      71 |       0 |   0.0 |      30 |       0 |   0.0
            +---------+---------+-------+---------+---------+-------
        D:1 |      43 |       0 |   0.0 |      20 |       0 |   0.0
        D:2 |      28 |       0 |   0.0 |      10 |       0 |   0.0
            +---------+---------+-------+---------+---------+-------

Levels and vault maps discovered:
D:1:      psy_arrival_wood_between_worlds, layout_loops_ring
D:2:      layout_loops_ring, minmay_misc_feat_x

Table legend:
 A = Turns spent in this place as a percentage of turns spent in the entire game.
 B = Non-inter-level travel turns spent in this place as a percentage of non-inter-level travel turns spent in the entire game.
 C = Inter-level travel turns spent in this place as a percentage of turns spent in this place.
 D = Turns resting spent in this place as a percentage of non-inter-level travel turns spent in this place.
 E = Turns spent auto-exploring this place as a percentage of non-inter-level travel turns spent in this place.
 F = Non-inter-level travel turns spent in this place divided by the number of levels of this place that you've seen.
                   A       B       C       D       E      F
               +-------+-------+-------+-------+-------+----------------------
         Total | 100.0 | 100.0 |   1.5 |  32.4 |  49.6 | 641.5
       Dungeon | 100.0 | 100.0 |   1.5 |  32.4 |  49.6 | 641.5
               +-------+-------+-------+-------+-------+----------------------

Table legend:
 A = Kills in this place as a percentage of kills in entire the game.
 B = Kills by you in this place as a percentage of kills by you in the entire game.
 C = Kills by friends in this place as a percentage of kills by friends in the entire game.
 D = Other kills in this place as a percentage of other kills in the entire game.
 E = Experience gained in this place as a percentage of experience gained in the entire game.
 F = Experience gained in this place divided by the number of levels of this place that you have seen.
                   A       B       C       D       E      F
               +-------+-------+-------+-------+-------+----------------------
         Total | 100.0 | 100.0 |   N/A |   N/A | 100.0 |  35.5
       Dungeon | 100.0 | 100.0 |   N/A |   N/A | 100.0 |  35.5
               +-------+-------+-------+-------+-------+----------------------
